 Dungeon Crawl Stone Soup version 0.31-a0-4-gefa6de2278 (webtiles) character file.

Game seed: 16027712566914943758

413 Ijustatesigmund the Conjurer (level 6, 0/44 HPs)
             Began as a Gnoll Conjurer on May 4, 2023.
             Slain by a phantom (6 damage)
             ... on level 4 of the Dungeon.
             The game lasted 00:09:52 (4777 turns).

Ijustatesigmund the Conjurer (Gnoll Conjurer)       Turns: 4777, Time: 00:09:53

Health: 0/44       AC:  4    Str:  6    XL:     6   Next: 91%
Magic:  14/14      EV: 13    Int: 20    God:
Gold:   60         SH:  0    Dex: 10    Spells: 4/16 levels left

rFire   . . .        f - +1 spear (heavy)
rCold   . . .        (no shield)
rNeg    . . .        a - +0 robe
rPois   .            (no helmet)
rElec   .            (no cloak)
rCorr   .            (no gloves)
SInv    .            n - +1 pair of boots
Will    +....        (no amulet)
Stlth   +++          k - ring of willpower
HPRegen 0.27/turn    (no ring)
MPRegen 0.14/turn

%: no passive effects
@: no status effects
A: fangs 1, strong nose, distributed training
a: no special abilities


You were on level 4 of the Dungeon.
You visited 1 branch of the dungeon, and saw 4 of its levels.

You collected 220 gold pieces.
You spent 160 gold pieces at shops.

Inventory:

Hand Weapons
 f - a +1 heavy spear (weapon)
Missiles
 q - 4 curare-tipped darts (quivered)
Armour
 a - a +0 robe (worn)
 n - a +1 pair of boots (worn)
 r - a +0 kite shield
Magical Staves
 t - a staff of earth
Jewellery
 k - a ring of willpower (left hand)
Wands
 p - a wand of flame (14)
Scrolls
 j - 2 scrolls of teleportation
 m - 3 scrolls of blinking
Potions
 b - a potion of magic
 c - 5 potions of heal wounds
 d - a potion of haste {unknown}
 g - 2 potions of might
 i - 4 potions of cancellation
 l - 4 potions of curing
 s - a potion of lignification


   Skills:
 + Level 2.2 Fighting
 + Level 2.2 Short Blades
 + Level 2.2 Long Blades
 + Level 2.2 Axes
 + Level 2.2 Maces & Flails
 + Level 2.2 Polearms
 + Level 2.2 Staves
 + Level 2.2 Ranged Weapons
 + Level 2.2 Throwing
 + Level 2.2 Armour
 + Level 5.1 Dodging
 + Level 4.7 Stealth
 + Level 2.2 Shields
 + Level 2.2 Unarmed Combat
 + Level 5.5 Spellcasting
 + Level 7.3 Conjurations
 + Level 1.8 Hexes
 + Level 1.8 Summonings
 + Level 1.8 Necromancy
 + Level 1.8 Translocations
 + Level 1.8 Transmutations
 + Level 1.8 Fire Magic
 + Level 1.8 Ice Magic
 + Level 1.8 Air Magic
 + Level 1.8 Earth Magic
 + Level 1.8 Poison Magic
 + Level 2.5 Invocations
 + Level 2.2 Evocations


You had 4 spell levels left.
You knew the following spells:

 Your Spells              Type           Power      Damage    Failure   Level
a - Magic Dart            Conj           100%       1d8       1%          1
b - Searing Ray           Conj           70%        2d7       1%          2
c - Iskenderun's Mystic   Conj/Tloc      23%        2d6       17%         4
d - Poisonous Vapours     Pois/Air       24%        N/A       8%          2
e - Stone Arrow           Conj/Erth      46%        3d9       4%          3

Your spell library contained the following spells:

 Spells                   Type           Power      Damage    Failure   Level
 Dazzling Flash           Conj/Hex       46%        N/A       4%          3
 Sandblast                Erth           24%        2d8       5%          1
 Sting                    Tmut/Pois      48%        1d5       5%          1
 Passwall                 Tmut/Erth      10%        N/A       8%          2
 Fulminant Prism          Conj/Hex       11%        3d9       17%         4
 Olgreb's Toxic Radiance  Pois           12%        N/A       45%         4


Dungeon Overview and Level Annotations

Branches:
Dungeon (4/15)
 Temple: D:4-7

Altars:
Gozag

Shops:
D:2 [*   D:3 !


Innate Abilities, Weirdness & Mutations

You have very sharp teeth.
Your uncanny sense of smell can sniff out nearby items.
Your experience applies equally to all skills.


Message History

No target in view!
No target in view!
No target in view!
No target in view!
You see here a quokka corpse.
You now have 60 gold pieces (gained 13).
Found a stone staircase leading up.
Found a stone staircase leading down.
A phantom comes into view.
You reach to attack!
You completely miss the phantom. You closely miss the phantom.
The phantom hits you.
The phantom blinks!
You blink.
An ogre comes into view. It is wielding a +0 giant club.
Found a stone staircase leading down.
The phantom hits you.
You completely miss the phantom. The phantom hits you.
You barely miss the phantom. Your bite misses the phantom.
The phantom barely misses you. The phantom closely misses you.
You closely miss the phantom. The phantom barely misses you.
You puncture the ogre! You bite the ogre, but do no damage.
The ogre is moderately wounded.
The phantom misses you. The ogre closely misses you.
The phantom hits you but does no damage.
You barely miss the ogre.
The ogre is moderately wounded.
The ogre misses you.
The phantom hits you but does no damage.
You barely miss the ogre.
The ogre is moderately wounded.
The phantom barely misses you. The ogre misses you. The phantom hits you.
You puncture the ogre!
The ogre is heavily wounded.
The ogre closely misses you. The phantom barely misses you.
You hit the ogre.
The ogre is heavily wounded.
The phantom barely misses you.
The ogre hits you with a +0 giant club!!
Ouch! That really hurt!
* * * LOW HITPOINT WARNING * * *
The phantom hits you.
You die...

.....##.....
#.##..##............
#...................
#...............)...
#...................
##...............#...
#..................#.
#...............#...
#..@W...........#...
#...O................
#....................
#....................
##.......... ......##
#>......... ......#.
###........##.....#.
..........#.....#.
................


You could see an ogre and a phantom.

Vanquished Creatures
  A gnoll sergeant (D:3)
  A hound (D:4)
  An orc priest (D:4)
  A sleepcap (D:4)
  Natasha (thrice) (D:3)
  Terence (D:3)
  Robin (D:3)
  3 gnolls
  3 adders
  A worm (D:2)
  3 dart slugs
  3 orcs
  5 endoplasms
  4 giant cockroaches
  18 goblins
  8 hobgoblins
  8 kobolds
  6 quokkas
  3 ball pythons
  6 bats
  3 frilled lizards (D:1)
  4 rats
87 creatures vanquished.

Vanquished Creatures (others)
  2 plants (D:3)
2 creatures vanquished.

Grand Total: 89 creatures vanquished

Notes
Turn   | Place    | Note
-------+----------+-------------------------------------------
     0 | D:1      | Ijustatesigmund the Gnoll Conjurer began the quest for the
                  | Orb.
     0 | D:1      | Reached XP level 1. HP: 13/13 MP: 6/6
   285 | D:1      | Reached XP level 2. HP: 19/19 MP: 4/7
   289 | D:1      | Learned a level 2 spell: Searing Ray
   637 | D:1      | Reached skill level 5 in Spellcasting
   637 | D:1      | Reached XP level 3. HP: 25/25 MP: 5/9
   995 | D:2      | Found Hoekaq's Antique Armour Shop.
  1204 | D:2      | Found Qawoiw's General Store.
  1209 | D:2      | Bought a scroll of blinking for 105 gold pieces
  1295 | D:2      | Reached skill level 1 in Invocations
  1800 | D:2      | Reached skill level 1 in Fighting
  1800 | D:2      | Reached skill level 1 in Short Blades
  1800 | D:2      | Reached skill level 1 in Long Blades
  1800 | D:2      | Reached skill level 1 in Axes
  1800 | D:2      | Reached skill level 1 in Maces & Flails
  1800 | D:2      | Reached skill level 1 in Polearms
  1800 | D:2      | Reached skill level 1 in Staves
  1800 | D:2      | Reached skill level 1 in Ranged Weapons
  1800 | D:2      | Reached skill level 1 in Throwing
  1800 | D:2      | Reached skill level 1 in Armour
  1800 | D:2      | Reached skill level 1 in Shields
  1800 | D:2      | Reached skill level 1 in Unarmed Combat
  1800 | D:2      | Reached skill level 1 in Evocations
  1907 | D:2      | Reached XP level 4. HP: 32/32 MP: 9/11
  1912 | D:2      | Learned a level 4 spell: Iskenderun's Mystic Blast
  1915 | D:2      | Learned a level 2 spell: Poisonous Vapours
  2162 | D:3      | Noticed a gnoll sergeant
  2162 | D:3      | Found Funa Mikka's Distillery.
  2323 | D:2      | Reached skill level 1 in Hexes
  2323 | D:2      | Reached skill level 1 in Summonings
  2323 | D:2      | Reached skill level 1 in Necromancy
  2323 | D:2      | Reached skill level 1 in Translocations
  2323 | D:2      | Reached skill level 1 in Transmutations
  2323 | D:2      | Reached skill level 1 in Fire Magic
  2323 | D:2      | Reached skill level 1 in Ice Magic
  2323 | D:2      | Reached skill level 1 in Air Magic
  2323 | D:2      | Reached skill level 1 in Earth Magic
  2323 | D:2      | Reached skill level 1 in Poison Magic
  2531 | D:3      | Noticed Natasha
  2538 | D:3      | Killed Natasha
  2790 | D:3      | Noticed Robin
  2805 | D:3      | Killed Robin
  2806 | D:3      | Reached XP level 5. HP: 28/37 MP: 6/12
  2810 | D:3      | Noticed Natasha
  3045 | D:3      | Killed Natasha
  3242 | D:3      | Noticed Terence
  3256 | D:3      | Killed Terence
  3318 | D:3      | Noticed Natasha
  3323 | D:3      | Killed Natasha
  3493 | D:3      | Reached XP level 6. HP: 17/44 MP: 4/13
  3695 | D:3      | Bought a potion of heal wounds for 55 gold pieces
  3734 | D:3      | Reached skill level 5 in Dodging
  4266 | D:4      | Learned a level 3 spell: Stone Arrow
  4664 | D:4      | Found an opulent altar of Gozag.
  4777 | D:4      | Slain by a phantom

Illustrated notes

Levels and vault maps discovered:
D:1:      matt_arrival_diagonals, layout_basic
D:2:      layout_loops_corners, serial_shops, shop,
          nicolae_shop_getting_attention
D:3:      layout_loops_ring, serial_forest, infiniplex_forest_pool,
          infiniplex_forest_straight_2, infiniplex_forest_corner_1,
          infiniplex_forest_lined_3, infiniplex_forest_straight_5,
          infiniplex_forest_straight_4, serial_shops,
          nicolae_shop_industrial_runoff, uniq_terence, uniq_robin, uniq_natasha
D:4:      layout_cave_pools, mainiacjoe_overflow_tiny_flanked,
          mainiacjoe_overflow_chevrons, minmay_temple_entry_fiery

Skill      XL: |  1  2  3  4  5  6 |
---------------+-------------------+-----
Spellcasting   | 5 |  5.5
Invocations    | 1 2 |  2.5
Fighting       | 1 2 |  2.2
Short Blades   | 1 2 |  2.2
Long Blades    | 1 2 |  2.2
Axes           | 1 2 |  2.2
Maces & Flails | 1 2 |  2.2
Polearms       | 1 2 |  2.2
Staves         | 1 2 |  2.2
Ranged Weapons | 1 2 |  2.2
Throwing       | 1 2 |  2.2
Armour         | 1 2 |  2.2
Shields        | 1 2 |  2.2
Unarmed Combat | 1 2 |  2.2
Evocations     | 1 2 |  2.2
Hexes          | 1 |  1.8
Summonings     | 1 |  1.8
Necromancy     | 1 |  1.8
Translocations | 1 |  1.8
Transmutations | 1 |  1.8
Fire Magic     | 1 |  1.8
Ice Magic      | 1 |  1.8
Air Magic      | 1 |  1.8
Earth Magic    | 1 |  1.8
Poison Magic   | 1 |  1.8
Dodging        | 5 |  5.1
Stealth        | |  4.7
Conjurations   | |  7.3

Action                     |  1- 3 |  4- 6 || total
---------------------------+-------+-------++-------
  Melee: Whip              |     1 |       ||     1
         Hand axe          |     4 |    48 ||    52
         Bite              |       |     8 ||     8
         Spear             |       |    52 ||    52
         Punch             |       |     1 ||     1
  Throw: Dart              |       |     3 ||     3
   Cast: Magic Dart        |    65 |    19 ||    84
         Searing Ray       |     1 |    13 ||    14
         Poisonous Vapours |       |     6 ||     6
         Iskenderun's Myst |       |     7 ||     7
         Stone Arrow       |       |     3 ||     3
    Use: Scroll            |     4 |     6 ||    10
   Stab: Sleeping          |       |     3 ||     3
 Armour: Robe              |     5 |    28 ||    33
  Dodge: Dodged            |    10 |    96 ||   106

Table legend: (Time is in decaauts)
 A = Elapsed time spent in this place.
 B = Non-inter-level travel time spent in this place.
 C = Inter-level travel time spent in this place.
 D = Time resting spent in this place.
 E = Time spent auto-exploring this place.
 F = Levels seen in this place.
 G = Mean time per level.
                   A        B        C        D        E       F      G
               +--------+--------+--------+--------+--------+-----+--------+
         Total |   4815 |   4741 |     74 |   1455 |   2680 |   4 | 1203.8 |
       Dungeon |   4815 |   4741 |     74 |   1455 |   2680 |   4 | 1203.8 |
               +--------+--------+--------+--------+--------+-----+--------+

Top non-repeatable levels by time:
     D:2: 1725 daAuts
     D:3: 1555 daAuts
     D:1: 994 daAuts
     D:4: 540 daAuts
